 Dungeon Crawl Stone Soup version 0.31-a0-1597-ge7908ec95f (webtiles) character file.

Game seed: 2764258376343969336

248 MustachioToaster the Chopper (level 6, 0/50 HPs)
             Began as a Gnoll Reaver on Jan 7, 2024.
             Slain by an iguana (5 damage)
             ... on level 4 of the Dungeon.
             The game lasted 00:06:07 (2772 turns).

MustachioToaster the Chopper (Gnoll Reaver)         Turns: 2772, Time: 00:06:07

Health: 0/50       AC:  4    Str: 13    XL:     6   Next: 12%
Magic:  14/14      EV: 12    Int: 13    God:
Gold:   138        SH:  0    Dex: 10    Spells: 14/15 levels left

rFire   . . .        a - +0 hand axe
rCold   . . .        (no shield)
rNeg    . . .        b - +0 leather armour
rPois   .            (no helmet)
rElec   .            (no cloak)
rCorr   .            (no gloves)
SInv    .            d - +0 pair of boots
Will    .....        (no amulet)
Stlth   +            i - ring of flight
HPRegen 0.28/turn    (no ring)
MPRegen 0.14/turn

%: no passive effects
@: flying
A: fangs 1, strong nose, distributed training
a: no special abilities


You were on level 4 of the Dungeon.
You visited 1 branch of the dungeon, and saw 4 of its levels.

You collected 138 gold pieces.

Inventory:

Hand Weapons
 a - a +0 hand axe (weapon)
Missiles
 f - a throwing net
Armour
 b - a +0 leather armour (worn)
 d - a +0 pair of boots (worn)
Jewellery
 i - a ring of flight (left hand)
 l - an amulet of faith
Scrolls
 c - a scroll of fog
 k - a scroll of vulnerability
Potions
 e - 2 potions of cancellation
 g - 3 potions of enlightenment {unknown}
 h - 6 potions of curing {unknown}
 j - a potion of haste {unknown}


   Skills:
 + Level 4.9 Fighting
 + Level 1.9 Short Blades
 + Level 1.9 Long Blades
 + Level 6.8 Axes
 + Level 1.9 Maces & Flails
 + Level 1.9 Polearms
 + Level 1.9 Staves
 + Level 1.9 Ranged Weapons
 + Level 1.9 Throwing
 + Level 1.9 Armour
 + Level 4.9 Dodging
 + Level 1.9 Stealth
 + Level 1.9 Shields
 + Level 1.9 Unarmed Combat
 + Level 5.3 Spellcasting
 + Level 5.6 Conjurations
 + Level 1.5 Hexes
 + Level 1.5 Summonings
 + Level 1.5 Necromancy
 + Level 1.5 Translocations
 + Level 1.5 Fire Magic
 + Level 1.5 Ice Magic
 + Level 1.5 Air Magic
 + Level 1.5 Earth Magic
 + Level 1.5 Alchemy
 + Level 2.1 Invocations
 + Level 1.9 Evocations
 + Level 1.7 Shapeshifting


You had 14 spell levels left.
You knew the following spells:

 Your Spells              Type           Power      Damage    Failure   Level
a - Kiss of Death         Conj/Necr      48%        2d9       5%          1

Your spell library contained the following spells:

 Spells                   Type           Power      Damage    Failure   Level
 Momentum Strike          Conj/Tloc      24%        3d8       8%          2
 Hailstorm                Conj/Ice       12%        3d6       16%         3
 Fugue of the Fallen      Necr           7%         N/A       36%         3
 Ozocubu's Armour         Ice            7%         N/A       36%         3
 Manifold Assault         Tloc           7%         N/A       77%         4


Dungeon Overview and Level Annotations

Branches:
Dungeon (4/15)
 Temple: D:4-7

Altars:
Qazlal
Uskayaw
Vehumet
Yredelemnul

Shops:
D:3 (


Innate Abilities, Weirdness & Mutations

You have very sharp teeth.
Your uncanny sense of smell can sniff out nearby items.
Your experience applies equally to all skills.


Message History

The hound barely misses you.
You hit the sleepcap.
The sleepcap is almost destroyed.
You hit the hound.
You kill the hound!
The sleepcap releases spores at you but does no damage.
Your Invocations skill increases to level 2!
You hit the sleepcap.
The sleepcap is almost destroyed.
The sleepcap barely misses you.
You hit the sleepcap but do no damage.
The sleepcap is almost destroyed.
The sleepcap releases spores at you.
* * * LOW HITPOINT WARNING * * *
You hit the sleepcap.
You destroy the sleepcap!
You have reached level 6!
Things that are here:
11 gold pieces; a +0 dagger; a goblin corpse A hobgoblin comes into view.
It is wielding a +0 dagger.
The hobgoblin shouts!
The hobgoblin barely misses you.
The hobgoblin attacks as it pursues you!
The hobgoblin hits you with a +0 dagger.
* * * LOW HITPOINT WARNING * * *
The iguana attacks as it pursues you! The iguana misses you.
The hobgoblin attacks as it pursues you!
The hobgoblin completely misses you.
You slash the hobgoblin!
You kill the hobgoblin!
Things that are here:
a +0 giant club; an ogre corpse The iguana attacks as it pursues you!
The iguana bites you.
* * * LOW HITPOINT WARNING * * *
Things that are here:
a +0 whip; 3 stones You hit the iguana.
The iguana is lightly wounded.
The iguana bites you.
You die...

...>......... ............
. ........... ####.# .
.......... .#.. #. .......
##... .##.# #.†.# #..######
.....∆ ##.#<######$.......
#.....###..#.#.........##..
......#..)@l.)..###........
#..........#.##.##.....#...
#........$.........###.#
#............##.#### #
.............##.#
................. ∆
..........#...<...
.....[....<...^....
.........###.##.....


You could see an iguana.

Vanquished Creatures
  An ogre (D:4)
  A hound (D:4)
  A bombardier beetle (D:4)
  A sleepcap (D:4)
  An adder (D:2)
  3 dart slugs
  3 ribbon worms (D:2)
  6 endoplasms
  3 giant cockroaches
  4 goblins
  6 hobgoblins
  A quokka (D:3)
  7 ball pythons
  6 bats
  3 frilled lizards
  5 kobolds
  5 rats
57 creatures vanquished.

Notes
Turn   | Place    | Note
-------+----------+-------------------------------------------
     0 | D:1      | MustachioToaster the Gnoll Reaver began the quest for the
                  | Orb.
     0 | D:1      | Reached XP level 1. HP: 20/20 MP: 6/6
   231 | D:1      | Reached XP level 2. HP: 26/26 MP: 7/7
   640 | D:2      | Found a faded altar of an unknown god.
   910 | D:2      | Reached skill level 5 in Spellcasting
   910 | D:2      | Reached XP level 3. HP: 30/31 MP: 7/9
  1224 | D:2      | Reached skill level 1 in Invocations
  1514 | D:2      | Reached skill level 1 in Short Blades
  1514 | D:2      | Reached skill level 1 in Long Blades
  1514 | D:2      | Reached skill level 1 in Maces & Flails
  1514 | D:2      | Reached skill level 1 in Polearms
  1514 | D:2      | Reached skill level 1 in Staves
  1514 | D:2      | Reached skill level 1 in Ranged Weapons
  1514 | D:2      | Reached skill level 1 in Throwing
  1514 | D:2      | Reached skill level 1 in Armour
  1514 | D:2      | Reached skill level 1 in Stealth
  1514 | D:2      | Reached skill level 1 in Shields
  1514 | D:2      | Reached skill level 1 in Unarmed Combat
  1514 | D:2      | Reached skill level 1 in Evocations
  1943 | D:3      | Reached skill level 1 in Shapeshifting
  1943 | D:3      | Reached XP level 4. HP: 38/38 MP: 11/11
  2219 | D:3      | Found a hide-covered altar of Uskayaw.
  2219 | D:3      | Found a stormy altar of Qazlal.
  2221 | D:3      | Found a basalt altar of Yredelemnul.
  2221 | D:3      | Found a radiant altar of Vehumet.
  2311 | D:3      | Found Gesew's Antique Weapon Shop.
  2671 | D:4      | Noticed an ogre
  2684 | D:4      | Killed an ogre
  2685 | D:4      | Reached skill level 1 in Hexes
  2685 | D:4      | Reached skill level 1 in Summonings
  2685 | D:4      | Reached skill level 1 in Necromancy
  2685 | D:4      | Reached skill level 1 in Translocations
  2685 | D:4      | Reached skill level 1 in Fire Magic
  2685 | D:4      | Reached skill level 1 in Ice Magic
  2685 | D:4      | Reached skill level 1 in Air Magic
  2685 | D:4      | Reached skill level 1 in Earth Magic
  2685 | D:4      | Reached skill level 1 in Alchemy
  2685 | D:4      | Reached XP level 5. HP: 36/43 MP: 10/12
  2747 | D:4      | HP: 2/43 [sleepcap (2)]
  2749 | D:4      | Reached XP level 6. HP: 3/50 MP: 14/14
  2772 | D:4      | Slain by an iguana

Illustrated notes

Levels and vault maps discovered:
D:1:      dpeg_arrival_simpleton_c, layout_rooms, serial_bayou_ford_a,
          roderic_serpentine_path
D:2:      layout_loops_corners, shapermc_ecumenical_altar_notcrosses,
          minmay_misc_feat_tiny, minmay_heptomino_o4
D:3:      layout_basic, mainiacjoe_overflow_alcove_3, serial_shops, shop
D:4:      layout_rooms

Skill      XL: |  1  2  3  4  5 |
---------------+----------------+-----
Spellcasting   | 5 |  5.3
Invocations    | 1 2 |  2.1
Short Blades   | 1 |  1.9
Long Blades    | 1 |  1.9
Maces & Flails | 1 |  1.9
Polearms       | 1 |  1.9
Staves         | 1 |  1.9
Ranged Weapons | 1 |  1.9
Throwing       | 1 |  1.9
Armour         | 1 |  1.9
Stealth        | 1 |  1.9
Shields        | 1 |  1.9
Unarmed Combat | 1 |  1.9
Evocations     | 1 |  1.9
Shapeshifting  | 1 |  1.7
Hexes          | 1 |  1.5
Summonings     | 1 |  1.5
Necromancy     | 1 |  1.5
Translocations | 1 |  1.5
Fire Magic     | 1 |  1.5
Ice Magic      | 1 |  1.5
Air Magic      | 1 |  1.5
Earth Magic    | 1 |  1.5
Alchemy        | 1 |  1.5
Fighting       | |  4.9
Axes           | |  6.8
Dodging        | |  4.9
Conjurations   | |  5.6

Action                     |  1- 3 |  4- 6 || total
---------------------------+-------+-------++-------
  Melee: Hand axe          |   122 |    87 ||   209
         Bite              |    11 |    14 ||    25
         Punch             |     1 |     1 ||     2
   Cast: Kiss of Death     |       |     1 ||     1
    Use: Scroll            |     4 |     1 ||     5
   Stab: Sleeping          |     2 |       ||     2
 Armour: Leather armour    |    51 |    51 ||   102
  Dodge: Dodged            |    72 |    53 ||   125

Table legend: (Time is in decaauts)
 A = Elapsed time spent in this place.
 B = Non-inter-level travel time spent in this place.
 C = Inter-level travel time spent in this place.
 D = Time resting spent in this place.
 E = Time spent auto-exploring this place.
 F = Levels seen in this place.
 G = Mean time per level.
                   A        B        C        D        E       F      G
               +--------+--------+--------+--------+--------+-----+--------+
         Total |   2776 |   2663 |    113 |    100 |   2103 |   4 |  694.0 |
       Dungeon |   2776 |   2663 |    113 |    100 |   2103 |   4 |  694.0 |
               +--------+--------+--------+--------+--------+-----+--------+

Top non-repeatable levels by time:
     D:2: 1249 daAuts
     D:3: 792 daAuts
     D:1: 634 daAuts
     D:4: 99 daAuts
